 Dungeon Crawl Stone Soup version 0.28-a0-1143-gcf6077d4cc (webtiles) character file.

Game seed: 2749634396631653835

25 spaghetti the Sneak (level 2, -2/24 HPs)
             Began as a Mummy Delver on Dec 14, 2021.
             Slain by a hound (4 damage)
             ... on level 5 of the Dungeon.
             The game lasted 00:00:45 (83 turns).

spaghetti the Sneak (Mummy Delver)                    Turns: 83, Time: 00:00:46

Health: -2/24      AC:  3    Str: 15    XL:     2   Next: 86%
Magic:  2/2        EV: 11    Int:  9    God:
Gold:   20         SH:  0    Dex: 13    Spells: 1/1 levels left

rFire   x . .      SeeInvis .     - Unarmed
rCold   + . .      Faith    .   (no shield)
rNeg    + + +      Spirit   .   a - +0 leather armour
rPois   ∞          Reflect  .   (no helmet)
rElec   .          Harm     .   (no cloak)
rCorr   .          Rampage  .   (no gloves)
Will    .....                   (no boots)
Stlth   ++........              (no amulet)
HPRegen 0.08/turn               (no ring)
MPRegen 0.08/turn               (no ring)

@: no status effects
A: cold resistance 1, negative energy resistance 3, torment resistance 2, heat
vulnerability 1, no potions
a: no special abilities


You were on level 5 of the Dungeon.
You visited 1 branch of the dungeon, and saw 1 of its levels.

You collected 20 gold pieces.


Innate Abilities, Weirdness & Mutations

You are immune to poison.
Your flesh is cold resistant. (rC+)
You are immune to negative energy. (rN+++)
You are immune to unholy pain and torment.
You are vulnerable to heat. (rF-)
You do not drink.


   Skills:
 + Level 3.3 Fighting
 + Level 1.9 Dodging
 + Level 4.3 Stealth
 + Level 1.9 Unarmed Combat


You had one spell level left.
You didn't know any spells.
Your spell library was empty.

Inventory:

Missiles
 c - 3 javelins (quivered) {throwing}
Armour
 a - a +0 leather armour (worn)
Wands
 e - a wand of digging (3)
Scrolls
 b - a scroll of fog

Dungeon Overview and Level Annotations

Branches:
Dungeon (5/15)
 Temple: D:4-7

Altars:

*,,,,,,,,,,,*,,,,,,,**
*,,,,,*,,,,,**,,,....#
**,,,,****,***,,,....##
***,,,,***,,,*,,*,.....*
,,,,,,,,,,,,,,,**#....**
,,,,,,,,,,,,,,,##...#**
,,,,,,,,,,,,*#,#...#*
***,,,,,,,,,*#.#(.#*
**,,,,,,,,,#..@####
*,,,,,,,,.###..h..#
**,,**,,,.........(##
**,,,*,,**#....##.#..#
*,,,,,,,* ###.###.#.###
,,,,,,,** ##[##......#
*,,,,,,,* #..........#
*,,,...#######.......##
*,**#...#...........##


You could see a hound.


Message History

A hound is nearby!
A hound is nearby!
You start resting.
A hound is nearby!
Unknown command.
Throw: 5 javelins {throwing}
Press: ? - help, Q - select action Shift-Dir - straight line, f - hound
Aim: a hound (wandering, hasn't noticed you, 46% to hit)
You throw a javelin {throwing}. The hound barks!
The javelin {throwing} pierces through the hound.
Throw: 4 javelins {throwing}
Press: ? - help, Q - select action Shift-Dir - straight line, f/p - hound
Aim: a hound (moderately wounded, 46% to hit)
You throw a javelin {throwing}.
The javelin {throwing} pierces through the hound.
The hound barely misses you.
Throw: 3 javelins {throwing}
Press: ? - help, Q - select action Shift-Dir - straight line, f/p - hound
Aim: a hound (moderately wounded, 46% to hit)
You throw a javelin {throwing}.
The javelin {throwing} closely misses the hound.
The hound bites you.
* * * LOW HITPOINT WARNING * * *
The hound bites you.
* * * LOW HITPOINT WARNING * * *
The hound closely misses you. 😨 HP[-6]
You take 6 damage, and now have 8/24 hp.
MASSIVE DAMAGE!! (PAUSE)
You hit the hound but do no damage. The hound barely misses you.
You can't drink.
You hit the hound. The hound barely misses you.
The hound bites you but does no damage. 😨 HP[+1] Unknown command.
You miss the hound. The hound barely misses you.
You hit the hound. The hound bites you but does no damage.
Throw: 2 javelins {throwing}
Press: ? - help, Q - select action Shift-Dir - straight line, f/p - hound
Aim: a hound (severely wounded, 46% to hit)
You throw a javelin {throwing}.
The javelin {throwing} misses the hound.
The hound barely misses you. The hound bites you but does no damage.
The hound barely misses you.
Throw: javelin {throwing}
Press: ? - help, Q - select action Shift-Dir - straight line, f/p - hound
Aim: a hound (severely wounded, 46% to hit)
You throw a javelin {throwing}.
The javelin {throwing} barely misses the hound.
The hound bites you.
* * * LOW HITPOINT WARNING * * *
The hound closely misses you. 😱 HP[-5]
You take 5 damage, and now have 4/24 hp.
MASSIVE DAMAGE!! (PAUSE) Unknown command.
No previous command to re-do.
Unknown command.
Okay, then.
You can't drink.
You hit the hound but do no damage. The hound bites you.
* * * LOW HITPOINT WARNING * * *
The hound bites you.
* * * LOW HITPOINT WARNING * * *
😱 HP[-3]
You take 3 damage, and now have 1/24 hp.
Unknown command.
Unknown command.
Unknown command.
You can't drink.
Unknown command.
Okay, then.
Okay, then.
As you read the scroll of fear, it crumbles to dust.
You assume a fearsome visage.
The hound looks frightened!
Unknown command.
Unknown command.
You don't have any such object.
Evoke which item? (* to show all) (? for menu, Esc to quit)
You don't have any such object.
Evoke which item? (* to show all) (? for menu, Esc to quit)
You don't have any such object.
Evoke which item? (* to show all) (? for menu, Esc to quit)
Okay, then.
Unknown command.
Unknown command.
Unknown command.
You see here 4 javelins {throwing}.
c - 4 javelins {throwing} Cornered, the hound turns to fight! 😱 HP[+1] Throw: 4 javelins {throwing}
Press: ? - help, Q - select action Shift-Dir - straight line, f/p - hound
Aim: a hound (severely wounded, 46% to hit)
You throw a javelin {throwing}.
The javelin {throwing} closely misses the hound.
You completely miss the hound. Your punch misses the hound.
The hound bites you.
You die...

Action                   || total
-------------------------++-------
Melee: Unarmed           ||    16
       Punch             ||     1
Throw: Javelin           ||     6
  Use: Scroll            ||     2
Armor: Leather armour    ||     7
Dodge: Dodged            ||    12

Levels and vault maps discovered:
D:5:      layout_cave_pools, ebering_ghost_gozag

Notes
Turn   | Place    | Note
-------+----------+-------------------------------------------
     0 | D:5      | spaghetti the Mummy Delver began the quest for the Orb.
     0 | D:5      | Reached XP level 1. HP: 18/18 MP: 1/1
     0 | D:5      | magus.rc [v1.9.6]
    42 | D:5      | Reached XP level 2. HP: 12/24 MP: 2/2
    73 | D:5      | HP: 4/24 [hound (5)]
    75 | D:5      | HP: 1/24 [hound (2)]
    83 | D:5      | Slain by a hound

Vanquished Creatures
  A bullfrog skeleton (D:5)
1 creature vanquished.

Table legend:
 A = Non-vault XP
 B = Vault XP
 C = Vault XP percentage of total XP
 D = Non-vault monster count
 E = Vault monster count
 F = Vault count percentage of total count
                 A         B        C        D         E       F
            +---------+---------+-------+---------+---------+-------
      Total |      37 |       0 |   0.0 |       1 |       0 |   0.0
            +---------+---------+-------+---------+---------+-------
        D:5 |      37 |       0 |   0.0 |       1 |       0 |   0.0
            +---------+---------+-------+---------+---------+-------

Illustrated notes

Table legend:
 A = Kills in this place as a percentage of kills in entire the game.
 B = Kills by you in this place as a percentage of kills by you in the entire game.
 C = Kills by friends in this place as a percentage of kills by friends in the entire game.
 D = Other kills in this place as a percentage of other kills in the entire game.
 E = Experience gained in this place as a percentage of experience gained in the entire game.
 F = Experience gained in this place divided by the number of levels of this place that you have seen.
                   A       B       C       D       E      F
               +-------+-------+-------+-------+-------+----------------------
         Total | 100.0 | 100.0 |   N/A |   N/A | 100.0 |  37.0
       Dungeon | 100.0 | 100.0 |   N/A |   N/A | 100.0 |  37.0
               +-------+-------+-------+-------+-------+----------------------

Table legend: (Time is in decaauts)
 A = Elapsed time spent in this place.
 B = Non-inter-level travel time spent in this place.
 C = Inter-level travel time spent in this place.
 D = Time resting spent in this place.
 E = Time spent auto-exploring this place.
 F = Levels seen in this place.
 G = Mean time per level.
                   A        B        C        D        E       F      G
               +--------+--------+--------+--------+--------+-----+--------+
         Total |     85 |     85 |      0 |     22 |     27 |   1 |   85.0 |
       Dungeon |     85 |     85 |      0 |     22 |     27 |   1 |   85.0 |
               +--------+--------+--------+--------+--------+-----+--------+

Top non-repeatable levels by time:
     D:5: 85 daAuts
